 Dungeon Crawl Stone Soup version 0.30-a0-793-g160f7cfddd (webtiles) character file.

Game seed: 1316713351458748980

4 cheesebisquit the Firebug (level 1, 0/7 (14) HPs)
             Began as a Hill Orc Fire Elementalist on Feb 20, 2023.
             Slain by a spectral hobgoblin (2 damage)
             ... on level 1 of the Dungeon.
             The game lasted 00:01:12 (231 turns).

cheesebisquit the Firebug (HOFE)                     Turns: 231, Time: 00:01:13

HP:   0/7 (14)      AC:  2    Str: 10    XL:     1   Next: 70%
MP:   3/3           EV: 12    Int: 15    God:
Gold: 0             SH:  0    Dex: 11    Spells: 2/3 levels left

rFire   . . .      SeeInvis .    (no weapon)
rCold   . . .      Faith    .    (no shield)
rNeg    . . .      Spirit   .    a - +0 robe
rPois   .          Reflect  .    (no helmet)
rElec   .          Harm     .    (no cloak)
rCorr   .          Rampage  .    (no gloves)
Will    .....                    (no boots)
Stlth   ++                       (no amulet)
HPRegen 0.21/turn                (no ring)
MPRegen 0.08/turn                (no ring)

@: extremely drained
A: no striking features
a: no special abilities


You were on level 1 of the Dungeon.
You visited 1 branch of the dungeon, and saw 1 of its levels.

Inventory:

Armour
 a - a +0 robe (worn)


   Skills:
 - Level 1.5 Dodging
 - Level 1.5 Stealth
 + Level 1.6 Spellcasting
 - Level 1.0 Conjurations
 * Level 3.5 Fire Magic


You had 2 spell levels left.
You knew the following spells:

 Your Spells              Type           Power      Damage    Failure   Level
a - Foxfire               Conj/Fire      32%        2x1d5     9%          1

Your spell library contained the following spells:

 Spells                   Type           Power      Damage    Failure   Level
 Scorch                   Fire           22%        2d6       9%          2
 Inner Flame              Hex/Fire       6%         N/A       32%         3
 Kindle Blastsparks       Fire/Tloc/Air  8%         2d10      38%         3
 Flame Wave               Conj/Fire      8%         2d5       65%         4


Dungeon Overview and Level Annotations

Branches:
Dungeon (1/15)

Altars:


Message History

The spectral hobgoblin is lightly damaged.
The spectral hobgoblin barely misses you.
You hit the spectral hobgoblin but do no damage.
The spectral hobgoblin is lightly damaged.
The spectral hobgoblin hits you.
You feel drained.
You hit the spectral hobgoblin but do no damage.
The spectral hobgoblin is lightly damaged.
The spectral hobgoblin hits you.
You feel drained.
You hit the spectral hobgoblin but do no damage.
The spectral hobgoblin is lightly damaged.
The spectral hobgoblin hits you.
You feel drained.
You hit the spectral hobgoblin but do no damage.
The spectral hobgoblin is lightly damaged.
The spectral hobgoblin hits you but does no damage.
You barely miss the spectral hobgoblin.
The spectral hobgoblin is lightly damaged.
The spectral hobgoblin misses you.
You conjure some foxfire!
The spectral hobgoblin hits you but does no damage.
The foxfire hits the spectral hobgoblin but does no damage.
The spectral hobgoblin is lightly damaged.
The foxfire hits the spectral hobgoblin.
The spectral hobgoblin is moderately damaged.
The spectral hobgoblin hits you.
You feel drained.
You hit the spectral hobgoblin but do no damage.
The spectral hobgoblin is moderately damaged.
The spectral hobgoblin closely misses you.
You hit the spectral hobgoblin.
The spectral hobgoblin is heavily damaged.
The spectral hobgoblin completely misses you.
You hit the spectral hobgoblin.
The spectral hobgoblin is heavily damaged.
The spectral hobgoblin closely misses you.
You hit the spectral hobgoblin but do no damage.
The spectral hobgoblin is heavily damaged.
The spectral hobgoblin hits you.
* * * LOW HITPOINT WARNING * * *
You feel drained. Magic courses through your body.
The spectral hobgoblin hits you.
You die...

..#.####♣.###.####
. ###.#########.#
#. ###...........#
!.###...........###
.~....~...#.....#
~~~~#~#~..#....##
#~##~8~~###.#.##
_~.~Z~#.###.#.#
.~.~###~..Z@..#
.~~~#.~~###.### ~..
#~#.# #.# #.#.# #.#
~ #.# #.# ~~ #.#
#.# .. #.) #.# #.
#.#


You could see a spectral hobgoblin.

Vanquished Creatures
  A ball python (D:1)
  An endoplasm (D:1)
  A hobgoblin (D:1)
  A rat (D:1)
4 creatures vanquished.

Vanquished Creatures (others)
  11 foxfires (D:1)
11 creatures vanquished.

Grand Total: 15 creatures vanquished

Notes
Turn   | Place    | Note
-------+----------+-------------------------------------------
     0 | D:1      | cheesebisquit the Hill Orc Fire Elementalist began the
                  | quest for the Orb.
     0 | D:1      | Reached XP level 1. HP: 14/14 MP: 3/3
    96 | D:1      | Found a faded altar of an unknown god.
   231 | D:1      | Slain by a spectral hobgoblin

Illustrated notes

Levels and vault maps discovered:
D:1:      pf_arrival_petrified_forest, layout_loops_ring,
          dreamdust_ecumenical_altar_drowned_temple

Action                     || total
---------------------------++-------
  Melee: Unarmed           ||    13
   Cast: Foxfire           ||     8
    Use: Potion            ||     1
 Armour: Robe              ||     3
  Dodge: Dodged            ||     6

Table legend: (Time is in decaauts)
 A = Elapsed time spent in this place.
 B = Non-inter-level travel time spent in this place.
 C = Inter-level travel time spent in this place.
 D = Time resting spent in this place.
 E = Time spent auto-exploring this place.
 F = Levels seen in this place.
 G = Mean time per level.
                   A        B        C        D        E       F      G
               +--------+--------+--------+--------+--------+-----+--------+
         Total |    231 |    231 |      0 |    100 |     78 |   1 |  231.0 |
       Dungeon |    231 |    231 |      0 |    100 |     78 |   1 |  231.0 |
               +--------+--------+--------+--------+--------+-----+--------+

Top non-repeatable levels by time:
     D:1: 231 daAuts
